 Dungeon Crawl Stone Soup version 0.31.0-4-g52a2dc7128 (webtiles) character file.

Game seed: 18252221146145864609

6208 bobo the Cleaver (level 10, -2/97 HPs)
             Began as a Hill Orc Monk on Jan 22, 2024.
             Was a Priest of Beogh.
             Slain by a hornet (9 damage)
             ... on level 9 of the Dungeon.
             The game lasted 00:24:22 (9053 turns).

bobo the Cleaver (Hill Orc Monk)                    Turns: 9053, Time: 00:24:22

Health: -2/97      AC: 12    Str: 19    XL:     10   Next: 92%
Magic:  16/16      EV:  6    Int: 10    God:    Beogh [***...]
Gold:   60         SH:  0    Dex: 13    Spells: 9/9 levels left

rFire   . . .        s - +4 war axe (freeze)
rCold   + . .        d - orb {light}
rNeg    . . .        I - +0 plate armour
rPois   +            G - +1 hat
rElec   .            (no cloak)
rCorr   .            (no gloves)
SInv    .            (no boots)
Will    .....        (no amulet) Stlth
                     D - ring of poison resistance
HPRegen 0.36/turn    b - ring of protection from cold
MPRegen 0.15/turn

%: no passive effects
@: slowed, glowing, very slow
A: no striking features
a: Renounce Religion, Smiting


You were on level 9 of the Dungeon.
You worshipped Beogh.
Beogh was most pleased with you.
You visited 1 branch of the dungeon, and saw 9 of its levels.

You collected 554 gold pieces.
You spent 494 gold pieces at shops.

Inventory:

Hand Weapons
 s - a +4 war axe of freezing (weapon)
 t - a +0 heavy war axe
Missiles
 h - 7 boomerangs (quivered)
 C - 11 poisoned darts
 E - 3 atropa-tipped darts
Armour
 d - an orb of light (worn)
 z - +0 swamp dragon scales
 G - a +1 hat (worn)
 I - a +0 plate armour (worn)
Jewellery
 a - a ring of see invisible
 b - a ring of protection from cold (right hand)
 e - a ring of magical power
 D - a ring of poison resistance (left hand)
Wands
 i - a wand of digging (8)
 u - a wand of acid (2)
Scrolls
 m - 2 scrolls of teleportation
 o - 4 scrolls of immolation
 q - 4 scrolls of noise
 r - 3 scrolls of poison
 v - 2 scrolls of silence
 w - a scroll of fog {unknown}
 x - 2 scrolls of fear
 y - 3 scrolls of revelation
 B - 3 scrolls of amnesia
 F - a scroll of brand weapon {unknown}
 H - a scroll of acquirement {unknown}
Potions
 c - a potion of ambrosia
 f - 4 potions of lignification
 g - 3 potions of resistance
 j - 3 potions of attraction
 k - 4 potions of heal wounds
 l - 2 potions of brilliance
 n - 2 potions of might
 p - a potion of curing


   Skills:
 + Level 11.6 Fighting
 + Level 12.6 Axes
 - Level 5.7 Throwing
 + Level 3.1 Armour
 - Level 2.4 Dodging
 + Level 8.0 Invocations


You had 9 spell levels left.
You didn't know any spells.
Your spell library contained the following spells:

 Spells                   Type           Power      Damage    Failure   Level
 Gell's Gravitas          Tloc           0%         N/A       100%        3
 Inner Flame              Hex/Fire       0%         N/A       100%        3
 Teleport Other           Tloc           0%         N/A       100%        3
 Irradiate                Conj/Alch      0%         3d11      100%        5
 Dispersal                Tloc           0%         N/A       100%        6
 Ignition                 Fire           0%         3d3       100%        8


Dungeon Overview and Level Annotations

Branches:
Dungeon (9/15)             Temple (0/1) D:6
   Lair: D:8-11         Orc: D:9-12

Altars:
Trog

Shops:
D:3 !   D:9 ?

Annotations:
D:9 exclusions: oklob plant and oklob sapling


Message History

You freeze the water moccasin.
You kill the water moccasin!
Beogh accepts your kill.
Your Invocations skill increases to level 8!
You hit the hornet but do no damage.
The hornet stings you but does no damage.
You completely miss the hornet. The hornet stings you.
You are poisoned.
You closely miss the hornet.
You feel sick. The hornet stings you.
You feel yourself slow down.
You slash the hornet! You freeze the hornet.
The hornet is heavily wounded.
You feel very sick. The hornet stings you! The hornet stings you.
You feel as though you will be slow longer.
You hit the hornet. You freeze the hornet.
The hornet is heavily wounded.
You feel sick. The hornet stings you! x2
You hit the hornet but do no damage.
The hornet is heavily wounded.
You feel sick. The hornet stings you! The hornet stings you.
You feel better. The hornet stings you!
You feel as though you will be slow longer.
The hornet closely misses you.
You slash the hornet! You freeze the hornet.
The hornet is severely wounded.
The hornet stings you.
You are poisoned.
The hornet stings you but does no damage.
You hit the hornet. You freeze the hornet.
The hornet is almost dead.
You feel very sick. The hornet stings you!
* * * LOW HITPOINT WARNING * * *
The hornet stings you.
* * * LOW HITPOINT WARNING * * *
You feel better. The hornet stings you!
* * * LOW HITPOINT WARNING * * *
The hornet stings you!
You die...

####..≈...~≈P
≈≈/. ###.....##
#....≈.....##
~≈≈. ..........
#...≈.....≈#
♣~≈! ###..####.
#...≈.....#^#
♣P≈### #..# #.
#...≈♣♣+..# #
♣≈~~.# # #..# #.
#...≈♣ ###
♣≈≈≈~#.#
#..####. ###.≈♣
~~~####♣≈.~≈..#
#....... #.#♣
♣≈≈≈≈y♣♣.≈.#
#....... #.#
♣♣♣♣@.####
##.#####. #.#
#....##
#........ #.#
#.#### #.#######
#.# #.# # #.###
# #.# ######.#
#.##...# # #.#
#......#
#......# # #.#
#.######
########...# #
#.# #.#
#........### #
#.# #.#
#........#######


You could see a hornet.

Vanquished Creatures
  Maggie (D:6)
  Jeremiah (D:6)
  Grinder (D:4)
  Prince Ribbit (D:6)
  Sigmund (D:4)
  2 vampires (D:9)
  10 yaks
  2 steam dragons (D:8)
  A water moccasin (D:9)
  2 ice beasts
  3 ogres
  A black bear (D:7)
  A sky beast (D:7)
  A phantom (D:5)
  A centaur (D:8)
  Blork the orc (D:4)
  A kobold brigand (D:9)
  7 bullfrogs
  2 scorpions
  A gnoll sergeant (D:9)
  5 wights (D:5)
  3 killer bees (D:9)
  An electric eel (D:7)
  2 howler monkeys (D:5)
  3 jellies
  2 bombardier beetles
  7 hounds
  A sleepcap (D:6)
  3 gnoll boudas
  4 iguanas
  3 orc wizards
  11 adders
  14 gnolls
  2 shadow imps
  A white imp (D:6)
  2 ufetubi (D:6)
  2 dart slugs (D:3)
  2 ribbon worms (D:3)
  21 orcs
  9 ball pythons
  3 bats (D:2)
  4 endoplasms
  3 giant cockroaches
  4 goblins
  7 hobgoblins
  5 quokkas
  2 frilled lizards
  13 kobolds
  4 rats (D:1)
184 creatures vanquished.

Vanquished Creatures (others)
  A bombardier beetle (D:6)
1 creature vanquished.

Grand Total: 185 creatures vanquished

Notes
Turn   | Place    | Note
-------+----------+-------------------------------------------
     0 | D:1      | bobo the Hill Orc Monk began the quest for the Orb.
     0 | D:1      | Reached XP level 1. HP: 19/19 MP: 1/1
   165 | D:1      | Reached XP level 2. HP: 9/27 MP: 2/2
   905 | D:2      | Reached skill level 5 in Axes
   905 | D:2      | Reached XP level 3. HP: 32/33 MP: 3/3
  1481 | D:3      | Reached XP level 4. HP: 35/41 MP: 4/4
  1534 | D:3      | Found Ebrioh's Distillery.
  1546 | D:3      | Bought a potion of curing for 39 gold pieces
  1546 | D:3      | Bought a potion of heal wounds for 65 gold pieces
  1675 | D:3      | Reached skill level 1 in Throwing
  1846 | D:3      | Reached skill level 5 in Fighting
  1846 | D:3      | Reached XP level 5. HP: 48/48 MP: 5/5
  2293 | D:4      | Reached skill level 6 in Axes
  2373 | D:4      | Reached XP level 6. HP: 43/56 MP: 6/6
  2444 | D:4      | Noticed Grinder
  2445 | D:4      | Paralysed by Grinder for 5 turns
  2456 | D:4      | Killed Grinder
  2457 | D:4      | Reached XP level 7. HP: 62/63 MP: 7/7
  2477 | D:4      | Noticed Blork the orc
  2700 | D:4      | Reached skill level 7 in Axes
  2711 | D:4      | Killed Blork the orc
  2893 | D:4      | Noticed Sigmund
  2898 | D:4      | Killed Sigmund
  3167 | D:5      | Entered Level 5 of the Dungeon
  3223 | D:5      | Reached skill level 8 in Axes
  3223 | D:5      | Reached XP level 8. HP: 58/73 MP: 8/8
  3732 | D:5      | Reached skill level 9 in Axes
  3732 | D:5      | Reached skill level 5 in Throwing
  3816 | D:5      | Identified the +2 cloak of Calculation {rF+ SInv}
  4174 | D:6      | Noticed Maggie
  4219 | D:6      | Killed Maggie
  4220 | D:6      | Reached XP level 9. HP: 73/82 MP: 9/9
  4329 | D:6      | Became a worshipper of Beogh the Brigand
  4329 | D:6      | Reached * piety under Beogh
  4329 | D:6      | Reached ** piety under Beogh
  4431 | D:6      | Noticed Jeremiah
  4463 | D:6      | Reached skill level 1 in Invocations
  4723 | D:6      | Killed Jeremiah
  4724 | D:6      | Reached skill level 10 in Axes
  4904 | D:6      | Noticed Prince Ribbit
  4912 | D:6      | Killed Prince Ribbit
  5004 | D:6      | Found a staircase to the Ecumenical Temple.
  5192 | D:6      | Reached skill level 10 in Fighting
  5200 | D:6      | Reached skill level 11 in Axes
  5628 | D:7      | Reached skill level 5 in Invocations
  5712 | D:7      | Reached XP level 10. HP: 94/94 MP: 13/13
  6653 | D:8      | Found a bloodstained altar of Trog.
  7030 | D:8      | Reached *** piety under Beogh
  8017 | D:8      | Reached skill level 12 in Axes
  8182 | D:9      | Reached skill level 1 in Armour
  8536 | D:9      | Found Bili's Magic Scroll Emporium.
  8551 | D:9      | Bought a scroll of enchant weapon for 127 gold pieces
  8551 | D:9      | Bought a scroll of identify for 34 gold pieces
  8556 | D:9      | Bought a scroll of revelation for 127 gold pieces
  8561 | D:9      | Bought a scroll of identify for 34 gold pieces
  8561 | D:9      | Bought a scroll of identify for 34 gold pieces
  8561 | D:9      | Bought a scroll of identify for 34 gold pieces
  9038 | D:9      | Noticed an oklob plant
  9053 | D:9      | Slain by a hornet

Illustrated notes

Levels and vault maps discovered:
D:1:      elethiomel_arrival_infinity_welcomes_careful_drivers, layout_rooms
D:2:      layout_basic, chequers_serial_rivers_room_b
D:3:      layout_basic, serial_shops, nicolae_shop_tiny_glass,
          kennysheep_pointless_box, minivault_5
D:4:      layout_layer_cave, uniq_blork_the_orc, uniq_grinder, uniq_sigmund
D:5:      layout_loops_ring, kennysheep_generic_room_13
D:6:      layout_loops_ring, minmay_temple_entry_offerings,
          chequers_serial_rivers_small_3, kennysheep_cross_room, uniq_jeremiah,
          uniq_maggie, uniq_prince_ribbit1
D:7:      layout_basic, kennysheep_cross_bottleneck, kennysheep_generic_room_14
D:8:      layout_layer_cave, trog_three_pillars_becter
D:9:      layout_loops_ring, serial_shops, nicolae_shop_tiny_glass,
          introduction_to_nature_1

Skill      XL: |  1  2  3  4  5  6  7  8  9 10 |
---------------+-------------------------------+-----
Fighting       | 4 5 6 7 8 10 11 | 11.6
Axes           | 5 6 8 9 11 12 | 12.6
Throwing       | 1 2 3 4 5 |  5.7
Invocations    | 5 8 |  8.0
Armour         | 3 |  3.1
Dodging        | |  2.4

Action                     |  1- 3 |  4- 6 |  7- 9 | 10-12 || total
---------------------------+-------+-------+-------+-------++-------
  Melee: Hand axe          |    74 |    59 |       |       ||   133
         War axe           |       |     4 |   170 |   157 ||   331
  Throw: Boomerang         |    10 |    26 |    66 |    32 ||   134
         Throwing net      |       |       |     1 |       ||     1
         Dart              |       |       |       |     7 ||     7
 Invoke: Convert to Beogh  |       |       |     1 |       ||     1
         Smiting           |       |       |       |     2 ||     2
  Evoke: Wand              |       |       |    11 |     1 ||    12
    Use: Scroll            |       |       |     2 |    16 ||    18
         Potion            |       |       |       |     2 ||     2
   Stab: Distracted        |       |       |       |     1 ||     1
         Invisible         |       |       |       |     1 ||     1
 Armour: Robe              |    22 |       |       |       ||    22
         Ring mail         |    19 |    40 |    42 |       ||   101
         Swamp dragon scal |       |       |    50 |    73 ||   123
         Plate armour      |       |       |       |    92 ||    92
  Dodge: Dodged            |    46 |    29 |    70 |    64 ||   209
